 Dungeon Crawl Stone Soup version 0.27.1-3-gb3d3a73c9e (webtiles) character file.

Game seed: 13568627315257064033

203 pkoi the Slasher (level 5, -4/45 HPs)
             Began as a Minotaur Fighter on Oct 24, 2021.
             Was an Initiate of the Shining One.
             Slain by an orc (7 damage)
             ... on level 3 of the Dungeon.
             The game lasted 00:02:33 (2411 turns).

pkoi the Slasher (Minotaur Fighter)                 Turns: 2411, Time: 00:02:34

Health: -4/45      AC:  7    Str: 22    XL:     5   Next: 51%
Magic:  4/4        EV:  8    Int:  5    God:    the Shining One [......]
Gold:   67         SH:  9    Dex:  9    Spells: 4/4 levels left

rFire    . . .     SeeInvis .   a - +0 long sword
rCold    . . .     Faith    .   c - +0 kite shield
rNeg     . . .     Spirit   .   g - +0 ring mail {rPois}
rPois    +         Reflect  .   (helmet restricted)
rElec    .         Harm     .   (no cloak)
rCorr    .         Rampage  .   (no gloves)
Will     .....                  j - +1 pair of boots
Stlth    ..........             (no amulet)
HPRegen  0.15/turn              (no ring)
MPRegen  0.09/turn              (no ring)

@: glowing
A: horns 2, retaliatory headbutt
a: Renounce Religion


You were on level 3 of the Dungeon.
You worshipped the Shining One.
The Shining One was noncommittal.
You visited 1 branch of the dungeon, and saw 3 of its levels.

You collected 67 gold pieces.

Inventory:

Hand Weapons
 a - a +0 long sword (weapon)
Missiles
 h - 3 datura-tipped darts (quivered)
Armour
 c - a +0 kite shield (worn)
 g - a +0 ring mail of poison resistance (worn)
 j - a +1 pair of boots (worn)
 l - a +0 chain mail
Jewellery
 b - a ring of fire
Scrolls
 k - a scroll of magic mapping
Potions
 d - 2 potions of might
 e - a potion of brilliance {unknown}
 f - 4 potions of heal wounds {unknown}
 i - a potion of curing {unknown}


   Skills:
 - Level 3.6 Fighting
 * Level 7.1 Long Blades
 - Level 3.6 Armour
 - Level 3.6 Shields


You had 4 spell levels left.
You didn't know any spells.
Your spell library was empty.

Dungeon Overview and Level Annotations

Branches:
Dungeon (3/15)

Altars:
The Shining One

Portals:
Sewer: D:3


Innate Abilities, Weirdness & Mutations

You have a pair of horns on your head.
You reflexively headbutt those who attack you in melee.


Message History

You headbutt the orc, but do no damage.
The quokka bites you but does no damage.
The orc priest closely misses you. You furiously retaliate!
You headbutt the orc priest, but do no damage.
You closely miss the quokka. You headbutt the quokka.
You kill the quokka!
The orc barely misses you. x2; The orc priest hits you with a +0 club.
* * * LOW HITPOINT WARNING * * *
You block the orc's attack.
You enter the shallow water.
Moving in this stuff is going to be slow.
A quokka and a giant cockroach come into view.
The orc throws a boomerang.
You block the boomerang.
The orc priest hits you but does no damage.
You see here a quokka corpse.
Unknown command.
The orc throws a boomerang.
You block the boomerang.
The orc throws a boomerang.
The boomerang closely misses you.
You barely miss the quokka. You block the quokka's attack.
The quokka bites you.
* * * LOW HITPOINT WARNING * * *
The orc throws a boomerang.
You block the boomerang.
Unknown command.
You closely miss the quokka. The quokka bites you.
* * * LOW HITPOINT WARNING * * *
The orc splashes around in the water.
Unknown command.
You hit the quokka but do no damage. Your headbutt misses the quokka.
You block the quokka's attack. The orc barely misses you.
You block the quokka's attack.
Unknown command.
You barely miss the quokka. Your headbutt misses the quokka.
The orc splashes around in the water.
The orc throws a boomerang.
The boomerang barely misses you.
The quokka bites you but does no damage.
The orc priest mumbles some strange prayers to Beogh against you.
Beogh smites you! The Shining One protects you from harm!
The orc hits you with a +0 mace!
You die...

..##.†.............
..##.........o....#
...........o≈##.####
†.†####....≈..###..≈
...# #.....≈o##≈..
...# ##...#.≈#≈≈≈#
...# #...#o≈#≈B≈#
...# #...#o≈#≈r≈#
#### #...#.≈#≈@≈#
#####.≈#≈o≈#
#†≈#≈o≈# #.≈ooo##
##≈..## #####


You could see an orc priest, 4 orcs, a quokka and a giant cockroach.

Vanquished Creatures
  A centaur zombie (D:3)
  A crimson imp (D:3)
  Jessica (D:2)
  2 adders
  2 dart slugs
  5 bats
  4 endoplasms
  5 giant cockroaches
  6 goblins
  6 hobgoblins
  10 jackals
  6 kobolds
  8 quokkas
  5 ball pythons
  6 frilled lizards
  2 goblin skeletons (D:3)
  A goblin zombie (D:3)
  3 hobgoblin zombies (D:3)
  A kobold skeleton (D:3)
  2 kobold zombies (D:3)
  3 orc skeletons (D:3)
  An orc zombie (D:3)
  4 rats (D:2)
85 creatures vanquished.

Notes
Turn   | Place    | Note
-------+----------+-------------------------------------------
     0 | D:1      | pkoi the Minotaur Fighter began the quest for the Orb.
     0 | D:1      | Reached XP level 1. HP: 19/19 MP: 0/0
    49 | D:1      | Reached skill level 3 in Long Blades
    59 | D:1      | Reached XP level 2. HP: 15/26 MP: 1/1
   512 | D:1      | Reached skill level 4 in Long Blades
  1082 | D:1      | Reached XP level 3. HP: 31/31 MP: 2/2
  1489 | D:2      | Found a faded altar of an unknown god.
  1709 | D:2      | Noticed Jessica
  1726 | D:2      | Reached skill level 5 in Long Blades
  1728 | D:2      | Killed Jessica
  1729 | D:2      | Reached XP level 4. HP: 24/39 MP: 3/3
  2267 | D:3      | Found a glowing golden altar of the Shining One.
  2284 | D:3      | Reached skill level 6 in Long Blades
  2284 | D:3      | Reached XP level 5. HP: 38/45 MP: 4/4
  2292 | D:3      | Became a worshipper of the Shining One
  2374 | D:3      | Reached skill level 7 in Long Blades
  2395 | D:3      | Found a glowing drain.
  2411 | D:3      | The Shining One protects you from harm!
  2411 | D:3      | Slain by an orc

Illustrated notes

Levels and vault maps discovered:
D:1:      minmay_arrival_stair_chambers, layout_basic, minmay_pentomino_o4
D:2:      layout_rooms, hellmonk_ecumenical_altar_arch_garden,
          kennysheep_generic_room_8, uniq_jessica
D:3:      layout_rooms, pdpol_wu_jian_five_deadly_venoms,
          nicolae_tso_besieged_by_evil, gup_sewer_entry_pipe,
          gammafunk_ghost_gnarly_gnolls

Skill      XL: |  1  2  3  4  5 |
---------------+----------------+-----
Long Blades    | 3 4 5 6 7 |  7.1
Fighting       | |  3.6
Armour         | |  3.6
Shields        | |  3.6

Action                   |  1- 3 |  4- 6 || total
-------------------------+-------+-------++-------
Melee: Long sword        |    97 |    83 ||   180
       Headbutt          |     9 |    12 ||    21
  Use: Scroll            |     2 |     3 ||     5
Armor: Scale mail        |    42 |       ||    42
       Chain mail        |    10 |     8 ||    18
       Ring mail         |       |    79 ||    79
Dodge: Dodged            |    35 |    59 ||    94
Block: Kite shield       |    60 |    71 ||   131
       Rpst.: Long sword |     8 |    12 ||    20
